 Dungeon Crawl Stone Soup version 0.29.1-4-g47bece8355 (webtiles) character file.

Game seed: 8617249287492003756

485 cheesebisquit the Cleaver (level 6, -1/78 HPs)
             Began as a Minotaur Berserker on Dec 9, 2022.
             Was a Priest of Trog.
             Slain by a gnoll
             ... wielding a +0 halberd
              (5 damage)
             ... on level 3 of the Dungeon.
             The game lasted 00:13:23 (3164 turns).

cheesebisquit the Cleaver (Minotaur Berserker)      Turns: 3164, Time: 00:13:24

Health: -1/78      AC:  8    Str: 23    XL:     6   Next: 88%
Magic:  5/5        EV: 10    Int:  4    God:    Trog [***...]
Gold:   132        SH:  0    Dex: 10    Spells: 5/5 levels left

rFire   . . .      SeeInvis .   n - +0 war axe
rCold   . . .      Faith    .   (no shield)
rNeg    . . .      Spirit   .   l - +0 scale mail
rPois   .          Reflect  .   (helmet restricted)
rElec   .          Harm     .   (no cloak)
rCorr   .          Rampage  .   k - +1 pair of gloves
Will    .....                   (no boots)
Stlth   ..........              (no amulet)
HPRegen 0.23/turn               (no ring)
MPRegen 0.09/turn               (no ring)

@: berserking (expiring), very quick
A: horns 2, retaliatory headbutt
a: Renounce Religion, Berserk, Trog's Hand


You were on level 3 of the Dungeon.
You worshipped Trog.
Trog was most pleased with you.
You visited 1 branch of the dungeon, and saw 3 of its levels.

You collected 158 gold pieces.
You spent 26 gold pieces at shops.

Inventory:

Hand Weapons
 a - a +0 hand axe
 n - a +0 war axe (weapon)
Missiles
 c - 5 poisoned darts (quivered)
Armour
 b - a +0 animal skin
 e - a +0 leather armour
 k - a +1 pair of gloves (worn)
 l - a +0 scale mail (worn)
 o - a +0 ring mail
Jewellery
 p - a +4 ring of protection
Scrolls
 h - a scroll of silence {unknown}
 i - a scroll of enchant weapon {unknown}
 j - 4 scrolls of butterflies
 m - 3 scrolls of blinking
 q - a scroll of vulnerability {unknown}
Potions
 d - a potion of mutation
 f - a potion of degeneration {unknown}
 g - a potion of curing


   Skills:
 - Level 3.8 Fighting
 + Level 9.2 Axes
 - Level 2.6 Armour
 - Level 2.4 Dodging


You had 5 spell levels left.
You didn't know any spells.
Your spell library was empty.

Dungeon Overview and Level Annotations

Branches:
Dungeon (3/15)

Altars:
Kikubaaqudgha

Shops:
D:2 ?


Innate Abilities, Weirdness & Mutations

You have a pair of horns on your head.
You reflexively headbutt those who attack you in melee.


Message History

You kill the gnoll!
Trog accepts your kill.
You closely miss the gnoll.
The gnoll sergeant hits you from afar with a +0 spear.
The gnoll misses you.
You hit the gnoll.
The gnoll is lightly wounded.
You hit the gnoll.
The gnoll is heavily wounded.
You slash the orc!
You kill the orc!
Trog accepts your kill. The gnoll closely misses you.
The gnoll barely misses you. You furiously retaliate!
You headbutt the gnoll.
You kill the gnoll!
Trog accepts your kill.
The gnoll sergeant hits you from afar with a +0 spear.
The gnoll sergeant hits you but does no damage.
The gnoll closely misses you.
There is an open door, spattered with blood here.
Items here: ))) [.
You completely miss the gnoll sergeant. You hit the gnoll. You slash the gnoll!
You kill the gnoll!
Trog accepts your kill. The gnoll barely misses you. You furiously retaliate!
You headbutt the gnoll.
The gnoll sergeant hits you with a +0 spear!
* * * LOW HITPOINT WARNING * * *
You completely miss the gnoll sergeant. You closely miss the gnoll.
The gnoll barely misses you. You furiously retaliate!
You headbutt the gnoll!
You kill the gnoll!
Trog accepts your kill.
You slice the gnoll sergeant!! You headbutt the gnoll sergeant.
You kill the gnoll sergeant!
Trog accepts your kill.
The gnoll hits you from afar with a +0 halberd!
* * * LOW HITPOINT WARNING * * *
Your Axes skill increases to level 9!
You are too berserk!
The gnoll hits you with a +0 halberd.
You die...

.....†........†..........P....#
≈~~~~†~~≈~≈~~~~≈~~≈~≈~~~~~....#
≈≈≈~†≈≈≈≈≈≈≈≈≈≈≈≈≈≈≈≈≈≈≈~~....#
~~≈~~~~)~~~~≈~~~≈~~#####≈~....#
............gg.o...#gg.#≈~....#
##################'#...#~~P...#
.. ....'..o/#'###≈~....# ##
'###..go#o#.~≈≈....# .. #)@).#
#.~≈~.[P.# .. ##)###.#.~~~....#
.. #).)...#.~~~....# ..
#..)...#.~≈≈....#
####################.#.~≈~....###
†.#....#........ .#.~~~....#..
))'))..'........ #.~~~....#..
..#....#)....... #'###≈~P...#..
###'))'#############.. #≈~....#..


You could see a gnoll and 2 orcs.

Vanquished Creatures
  A scorpion (D:3)
  A gnoll sergeant (D:3)
  A howler monkey (D:3)
  A hound (D:3)
  An orc priest (D:3)
  2 adders (D:3)
  12 gnolls (D:3)
  An ufetubus (D:3)
  2 worms
  A dart slug (D:3)
  19 orcs (D:3)
  6 ball pythons
  5 endoplasms
  6 giant cockroaches
  5 goblins
  6 hobgoblins
  15 jackals
  4 quokkas
  5 bats
  3 frilled lizards
  4 kobolds (D:1)
  3 rats (D:1)
104 creatures vanquished.

Vanquished Creatures (others)
  7 plants
7 creatures vanquished.

Grand Total: 111 creatures vanquished

Notes
Turn   | Place    | Note
-------+----------+-------------------------------------------
     0 | D:1      | cheesebisquit the Minotaur Berserker began the quest for
                  | the Orb.
     0 | D:1      | Reached XP level 1. HP: 19/19 MP: 0/0
   205 | D:1      | Reached XP level 2. HP: 27/27 MP: 1/1
   223 | D:1      | Found a faded altar of an unknown god.
   234 | D:1      | Reached skill level 4 in Axes
   674 | D:1      | Reached XP level 3. HP: 30/33 MP: 2/2
   754 | D:1      | Reached ** piety under Trog
  1252 | D:2      | Reached skill level 5 in Axes
  1648 | D:2      | Found Tuiwniceu's Magic Scroll Boutique.
  1652 | D:2      | Bought a scroll of identify for 26 gold pieces
  2122 | D:3      | Reached XP level 4. HP: 38/40 MP: 3/3
  2136 | D:3      | Reached skill level 6 in Axes
  2354 | D:3      | Reached XP level 5. HP: 46/46 MP: 4/4
  2357 | D:3      | Found an ancient bone altar of Kikubaaqudgha.
  2361 | D:3      | Reached *** piety under Trog
  2659 | D:3      | Reached skill level 7 in Axes
  3070 | D:3      | Reached XP level 6. HP: 42/52 MP: 5/5
  3094 | D:3      | Reached skill level 8 in Axes
  3164 | D:3      | Reached skill level 9 in Axes
  3164 | D:3      | Slain by a gnoll

Illustrated notes

Levels and vault maps discovered:
D:1:      sevenhm_arrival_forest_fort_large_4, layout_loops_corners,
          ebering_ecumenical_altar_sacrificial, st_stairs_2, serial_bayou_pond_c
D:2:      layout_basic, serial_shops, shop, kennysheep_another_room,
          minivault_24, minmay_cut_off
D:3:      lemuel_castle_with_subvaults [lemuel_castle_interior_carwin_1],
          layout_basic, nicolae_kikubaaqudgha_miasma_corner,
          gammafunk_temple_overflow_forgotten, serial_co_window_serial,
          co_window_corner_a, co_window_cross_1, co_window_of_opportunity_a,
          co_window_of_opportunity_a, co_window_paths_a, co_window_broadway_c,
          co_window_broadway_c, co_window_corner_b, co_window_2corner,
          co_window_corner_b, glass_columns_a, glass_columns_b, glass_columns_a,
          glass_columns_b, glass_columns_a

Skill      XL: |  1  2  3  4  5  6 |
---------------+-------------------+-----
Axes           | 4 5 6 7 9 |  9.2
Fighting       | |  3.8
Armour         | |  2.6
Dodging        | |  2.4

Action                   |  1- 3 |  4- 6 || total
-------------------------+-------+-------++-------
Melee: Hand axe          |   104 |    12 ||   116
       Headbutt          |    15 |    12 ||    27
       Punch             |     2 |       ||     2
       War axe           |       |    69 ||    69
Invok: Berserk           |     2 |     2 ||     4
       Trog's Hand       |       |     2 ||     2
  Use: Scroll            |     2 |     2 ||     4
       Potion            |       |     1 ||     1
Armor: Animal skin       |     9 |       ||     9
       Leather armour    |    10 |       ||    10
       Scale mail        |     2 |    36 ||    38
Dodge: Dodged            |    75 |    76 ||   151
